 Dungeon Crawl Stone Soup version 0.28-a0-1356-g2ad6d04315 (webtiles) character file.

Game seed: 15454846307498462359

6 sanka the Ruffian (level 1, 0/23 HPs)
             Began as a Gnoll Cinder Acolyte on Dec 30, 2021.
             Was a High Priest of Ignis.
             Slain by a bat (1 damage)
             ... on level 1 of the Dungeon.
             The game lasted 00:00:38 (342 turns).

sanka the Ruffian (Gnoll Cinder Acolyte)             Turns: 342, Time: 00:00:39

Health: 0/23       AC:  3    Str: 13    XL:     1   Next: 90%
Magic:  4/4        EV: 11    Int: 13    God:    Ignis [*****.]
Gold:   0          SH:  0    Dex:  7    Spells: 5/5 levels left

rFire   + . .      SeeInvis .     - Unarmed
rCold   . . .      Faith    .   (no shield)
rNeg    . . .      Spirit   .   a - +0 robe
rPois   .          Reflect  .   (no helmet)
rElec   .          Harm     .   (no cloak)
rCorr   .          Rampage  .   b - +0 pair of gloves
Will    .....                   (no boots)
Stlth   +.........              (no amulet)
HPRegen 0.07/turn               (no ring)
MPRegen 0.09/turn               (no ring)

@: no status effects
A: fangs 1, strong nose, distributed training
a: Renounce Religion, Fiery Armour, Foxfire Swarm, Rising Flame


You were on level 1 of the Dungeon.
You worshipped Ignis.
Ignis was extremely pleased with you.
You visited 1 branch of the dungeon, and saw 1 of its levels.


Innate Abilities, Weirdness & Mutations

You have very sharp teeth.
Your uncanny sense of smell can sniff out nearby items.
Your experience applies equally to all skills.


   Skills:
 + Level 6.4 Fighting
 + Level 0.2 Short Blades
 + Level 0.2 Long Blades
 + Level 0.2 Axes
 + Level 0.2 Maces & Flails
 + Level 0.2 Polearms
 + Level 0.2 Staves
 + Level 0.2 Slings
 + Level 0.2 Bows
 + Level 0.2 Crossbows
 + Level 0.2 Throwing
 + Level 0.2 Armour
 + Level 0.2 Dodging
 + Level 0.2 Stealth
 + Level 0.2 Shields
 + Level 6.4 Unarmed Combat
 + Level 2.6 Spellcasting
 + Level 0.1 Conjurations
 + Level 0.1 Hexes
 + Level 0.1 Summonings
 + Level 0.1 Necromancy
 + Level 0.1 Translocations
 + Level 0.1 Transmutations
 + Level 5.3 Fire Magic
 + Level 0.1 Ice Magic
 + Level 0.1 Air Magic
 + Level 0.1 Earth Magic
 + Level 0.1 Poison Magic
 + Level 0.3 Invocations
 + Level 0.2 Evocations


You had 5 spell levels left.
You didn't know any spells.
Your spell library contained the following spells:

 Spells                   Type           Power      Damage    Failure   Level
 Scorch                   Fire           30%        2d6       4%          2

Inventory:

Armour
 a - a +0 robe (worn)
 b - a +0 pair of gloves (worn)
Scrolls
 e - a scroll of enchant weapon {unknown}
Potions
 c - a potion of heal wounds {unknown}
 d - a potion of mutation {unknown}

Dungeon Overview and Level Annotations

Branches:
Dungeon (1/15)

Altars:

▒.▒.▒▒.▒ .£.).°☼
▒.▒.▒▒.▒ ∆ ∆ ££...§
▒.▒.▒▒.▒▒▒▒ .£££.
▒.▒.▒▒....▒▒▒▒▒ ▒bS.▒
▒.............▒ ▒§#☼▒
▒▒▒.▒▒▒...▒▒▒▒▒ ▒#°.▒
▒.▒▒▒>..▒▒▒▒▒ ▒##°▒
▒......†....▒ ▒▒▒...▒▒▒
▒▒▒▒▒..g▒▒▒▒▒▒▒.......▒
▒▒..b...†...▒▒▒.....
▒▒▒▒▒▒▒▒▒▒▒▒ ▒▒▒▒▒


You could see a bat.


Message History

Unknown command.
You see here a hobgoblin corpse.
You start resting.
A bat is nearby!
You closely miss the bat. Your punch misses the bat. Your bite misses the bat.
The bat barely misses you.
You closely miss the bat. Your bite misses the bat.
The bat completely misses you. The bat closely misses you.
You miss the bat. Your bite misses the bat. The bat barely misses you.
The bat hits you.
* * * LOW HITPOINT WARNING * * *
The bat barely misses you.
You closely miss the bat. Your punch misses the bat.
The bat hits you but does no damage. The bat barely misses you.
You miss the bat. The bat hits you but does no damage.
The bat barely misses you. The bat closely misses you.
You hit the bat.
The bat is severely wounded.
The bat hits you.
You die...

Action                   || total
-------------------------++-------
Melee: Unarmed           ||    22
       Punch             ||     1
Armor: Robe              ||     4
Dodge: Dodged            ||    18

Levels and vault maps discovered:
D:1:      dpeg_arrival_three_same_balls, layout_loops_ring, serial_shops,
          shop_coins, lemuel_flame_loot_1

Notes
Turn   | Place    | Note
-------+----------+-------------------------------------------
     0 | D:1      | sanka the Gnoll Cinder Acolyte began the quest for the Orb.
     0 | D:1      | Reached XP level 1. HP: 23/23 MP: 4/4
   320 | D:1      | HP: 1/23 [something (9)]
   337 | D:1      | HP: 1/23 [bat (1)]
   342 | D:1      | Slain by a bat

Vanquished Creatures
  A goblin (D:1)
  A hobgoblin (D:1)
  2 jackals (D:1)
  A bat (D:1)
5 creatures vanquished.
